 Dungeon Crawl Stone Soup version 0.20.1-1-g8b1a95d66d (webtiles) character file.

51 NullDivider the Charlatan (level 3, -5/24 HPs)
             Began as an Octopode Artificer on Dec 1, 2017.
             Was an Initiate of Nemelex Xobeh.
             Slain by Zepp's ghost (14 damage)
             ... on level 3 of the Dungeon.
             The game lasted 00:07:10 (1628 turns).

NullDivider the Charlatan (Octopode Artificer)      Turns: 1628, Time: 00:07:10

Health: -5/24      AC: -2    Str: 11    XL:     3   Next: 81%
Magic:  5/5        EV: 13    Int: 13    God:    Nemelex Xobeh [......]
Gold:   106        SH:  0    Dex: 13    Spells: 2/2 levels left

rFire    . . .     SeeInvis +   j - +0 dagger
rCold    . . .     Gourm    .   (no shield)
rNeg     . . .     Faith    +   (helmet restricted)
rPois    .         Spirit   .   a - amulet of faith (curse)
rElec    .         Reflect  .   g - ring of see invisible
rCorr    .         Harm     .   u - -3 ring of protection (curse)
MR       .....                  (no ring)
Stlth    +++.......             (no ring)
Regen    0.1/turn               (no ring)
MPRegen  0.1/turn               (no ring)
                                (no ring)
                                (no ring)

@: no status effects
A: almost no armour, stealthy swim, amphibious, 8 rings, constrict 8, camouflage
1, gelatinous body 1
a: Renounce Religion


You were on level 3 of the Dungeon.
You worshipped Nemelex Xobeh.
Nemelex Xobeh was noncommittal.
You were not hungry.

You visited 1 branch of the dungeon, and saw 3 of its levels.

You collected 106 gold pieces.

Inventory:

Hand Weapons
 j - a +0 dagger (weapon)
Jewellery
 a - a cursed amulet of faith (around mantle)
 g - a ring of see invisible (left tentacle)
 u - a cursed -3 ring of protection (right tentacle)
Wands
 b - a wand of flame (15/48)
 c - a wand of enslavement (15/24)
 d - a wand of random effects (15/48)
Scrolls
 n - a scroll of teleportation
Potions
 e - 3 potions of flight {unknown}
 k - a potion of lignification {unknown}
 l - 2 potions of curing {unknown}
 p - a potion of mutation {unknown}
 q - 2 potions of ambrosia {unknown}
 s - a potion of degeneration {unknown}
Miscellaneous
 t - a plain deck of summoning {drawn: 2}
Comestibles
 f - a bread ration
 h - 2 royal jellies


   Skills:
 + Level 1.9 Fighting
 + Level 1.7 Short Blades
 + Level 2.0 Dodging
 * Level 3.2 Stealth
 + Level 3.6 Evocations


You had 2 spell levels left.
You didn't know any spells.

Dungeon Overview and Level Annotations

Branches:
Dungeon (3/15)

Altars:
Gozag
Nemelex Xobeh
Xom

Annotations:
D:3 Zepp's ghost, amateur HuFi


Innate Abilities, Weirdness & Mutations

You cannot wear most types of armour.
You are very stealthy in the water. (Stealth+)
You are amphibious.
You can wear up to eight rings at the same time.
You can use your tentacles to constrict eight enemies at once.
Your skin changes colour to match your surroundings (Stealth+).
Your rubbery body absorbs attacks. (AC +1, EV +1)


Message History

You draw a card...
It is Foxfire.
Zepp's ghost barely misses you.
Your insubstantial wisp hits Zepp's ghost.
Your insubstantial wisp barely misses the insubstantial wisp.
Zepp's ghost completely misses your insubstantial wisp.
Your insubstantial wisp hits Zepp's ghost but does no damage.
Your insubstantial wisp hits Zepp's ghost!
Zepp's ghost hits your insubstantial wisp!
Your insubstantial wisp blinks!
Your insubstantial wisp hits Zepp's ghost but does no damage.
Your insubstantial wisp blinks!
Evoke which item? (* to show all) (? for menu, Esc to quit)
You draw a card...
It is Foxfire.
Your insubstantial wisp barely misses the insubstantial wisp.
You swap places.
Your wyvern bites the wyvern.
Your wyvern closely misses the wyvern.
Your wyvern bites the wyvern.
Your wyvern bites the wyvern.
Your wyvern barely misses the wyvern.
The wyvern bites your wyvern! Zepp's ghost hits you!
Ouch! That really hurt!
You die...
Your body disappears without a glow.

#......#...#.<#
#..#.#.#...<..#
#..#.....#.#..#
#>....v..........
#..###..........##
##..###†#.#.#.####
#..ll.v........W
#.llWvv.#......#.
#..@############
#...# #......
#....... #........
#.........
#..........
#.....$.....


You could see a wyvern, an insubstantial wisp, Zepp's ghost, 3 friendly wyverns
and 2 friendly insubstantial wisps.

Vanquished Creatures
  An adder (D:2)
  A worm (D:2)
  2 dart slugs (D:1)
  A leopard gecko (D:1)
  2 giant cockroaches (D:1)
  3 goblins
  3 hobgoblins
  8 kobolds
  4 bats
  4 frilled lizards
  5 rats
34 creatures vanquished.

Notes
Turn   | Place    | Note
-------+----------+-------------------------------------------
     0 | D:1      | NullDivider the Octopode Artificer began the quest for the Orb.
     0 | D:1      | Reached XP level 1. HP: 13/13 MP: 3/3
   230 | D:1      | Reached XP level 2. HP: 18/18 MP: 4/4
   596 | D:1      | Reached XP level 3. HP: 23/23 MP: 5/5
  1176 | D:2      | Found a shimmering altar of Xom.
  1176 | D:2      | Found an opulent altar of Gozag.
  1176 | D:2      | Found a sparkling altar of Nemelex Xobeh.
  1183 | D:2      | Became a worshipper of Nemelex Xobeh the Trickster
  1211 | D:2      | Received a gift from Nemelex Xobeh
  1610 | D:3      | Noticed Zepp's ghost (amateur HuFi)
  1621 | D:3      | Noticed an insubstantial wisp
  1626 | D:3      | Noticed a wyvern
  1628 | D:3      | Slain by Zepp's ghost

Skill      XL: |  1  2  3 |
---------------+----------+-----
Stealth        | 2 3 |  3.2
Fighting       | |  1.9
Short Blades   | |  1.7
Dodging        | |  2.0
Evocations     | |  3.6

Action                   || total
-------------------------++-------
Melee: Dagger            ||    72
       Short sword       ||     5
       Constrict         ||    13
       Tentacles         ||     6
Evoke: Deck              ||     2
  Use: Scroll            ||     4
 Stab: Sleeping          ||    10
       Distracted        ||     1
  Eat: Chunk             ||     2
Armor: Skin              ||     5
Dodge: Dodged            ||    44
